 Dungeon Crawl Stone Soup version 0.24-a0-251-g44e327ef01 (webtiles) character file.

Game seed: 5607448818061432529

3824 Redear the Skirmisher (level 10, -3/71 HPs)
             Began as an Octopode Fighter on Apr 16, 2019.
             Was a Follower of Zin.
             Slain by a hog (7 damage)
             ... on level 8 of the Dungeon.
             The game lasted 00:18:47 (9234 turns).

Redear the Skirmisher (Octopode Fighter)            Turns: 9234, Time: 00:18:48

Health: -3/71      AC:  1    Str: 15    XL:     10   Next: 17%
Magic:  9/9        EV: 17    Int: 11    God:    Zin [*.....]
Gold:   189        SH: 11    Dex: 17    Spells: 9/9 levels left

rFire    . . .     SeeInvis .   a - +0 long sword
rCold    . . .     Gourm    .   b - +0 shield
rNeg     . . .     Faith    .   (helmet restricted)
rPois    .         Spirit   .   f - amulet of rage {+Rage}
rElec    .         Reflect  .   (no ring)
rCorr    .         Harm     .   (no ring)
MR       .....                  (no ring)
Stlth    ++++......             (no ring)
HPRegen  0.21/turn              (no ring)
MPRegen  0.11/turn              (no ring)
                                (no ring)
                                (no ring)

@: no status effects
A: almost no armour, stealthy swim, amphibious, 8 rings, constrict 8, camouflage
1, agile 1, low mp 1, gelatinous body 1
a: Recite, Donate Gold, Renounce Religion, Evoke Berserk Rage


You were on level 8 of the Dungeon.
You worshipped Zin.
Zin was aware of your devotion.
You were not hungry.

You visited 2 branches of the dungeon, and saw 9 of its levels.

You collected 443 gold pieces.
You spent 234 gold pieces at shops.
You donated 20 gold pieces to Zin.

Inventory:

Hand Weapons
 a - a +0 long sword (weapon)
 g - a +2 dagger of chaos
 t - a +3 dagger
 v - a +0 hand crossbow
Missiles
 Z - 2 throwing nets (quivered) {+f}
Armour
 b - a +0 shield (worn)
Jewellery
 f - an amulet of rage (around mantle) {+Rage}
 r - a +3 amulet of reflection
 y - the ring "Duatisku" {rF- rC+ MP+9 Int+6 Stlth+}
   (You found it on level 5 of the Dungeon)

   [ring of magical power]

   It affects your intelligence (+6).
   It makes you vulnerable to fire.
   It protects you from cold.
   It affects your magic capacity (+9).
   It makes you more stealthy.
Wands
 A - a wand of acid (2)
 D - a wand of digging (2)
 I - a wand of iceblast (14)
 P - a wand of paralysis (16)
 V - a wand of flame (34)
Scrolls
 i - 4 scrolls of enchant weapon
 k - a scroll of random uselessness {unknown}
 m - a scroll of fear {unknown}
 q - 4 scrolls of teleportation {unknown}
 u - 4 scrolls of amnesia
 x - a scroll of noise {unknown}
 B - a scroll of blinking
 E - a scroll of immolation {unknown}
 M - 5 scrolls of magic mapping
 N - 5 scrolls of remove curse
Potions
 e - a potion of degeneration {!q}
 l - 2 potions of flight
 o - 3 potions of cancellation
Comestibles
 z - 12 rations


   Skills:
 + Level 7.5 Fighting
 + Level 7.1 Long Blades
 + Level 7.5 Dodging
 - Level 6.0 Stealth
 + Level 7.5 Shields


You had 9 spell levels left.
You didn't know any spells.
Your spell library contained the following spells:

 Spells                   Type           Power        Failure   Level  Hunger
 Beastly Appendage        Tmut           #.....       67%         1    ##.....
 Shock                    Conj/Air       #...         67%         1    ##.....
 Sticks to Snakes         Tmut           #.......     80%         2    ###....
 Swiftness                Chrm/Air       #.......     80%         2    ###....
 Spider Form              Tmut/Pois      #.........   95%         3    ####...
 Static Discharge         Conj/Air       #.......     95%         3    ####...
 Airstrike                Air            #.........   100%        4    #####..
 Ice Form                 Ice/Tmut       #.......     100%        4    #####..
 Blade Hands              Tmut           #.........   100%        5    ######.
 Lightning Bolt           Conj/Air       #.........   100%        5    ######.


Dungeon Overview and Level Annotations

Branches:
Dungeon (8/15)             Temple (1/1) D:4
   Lair: D:8-11

Altars:
Ashenzari
Cheibriados
Dithmenos
Elyvilon
Fedhas
Gozag
Hepliaklqana
Kikubaaqudgha
Makhleb
Nemelex Xobeh
Okawaru
Qazlal
Ru
Sif Muna
Trog
Uskayaw
Vehumet
Wu Jian
Xom
Yredelemnul
Zin
The Shining One

Shops:
D:5 !

Annotations:
D:8 Gastronok


Innate Abilities, Weirdness & Mutations

You cannot wear most types of armour.
You are very stealthy in the water. (Stealth+)
You are amphibious.
You can wear up to eight rings at the same time.
You can use your tentacles to constrict eight enemies at once.
Your skin changes colour to match your surroundings (Stealth+).
Your rubbery body absorbs attacks. (AC +1, EV +1)
You are agile. (Dex +2)
Your magical capacity is low. (-10% MP)


Message History

Okay, then.
Unknown command.
Evoke which item? (* to show all) (? for menu, Esc to quit)
Aiming: Corrosive Bolt
Press: ? - help, Shift-Dir - straight line, p - hog The bolt of acid misses the hog.
The bolt of acid hits the yak!
The yak is splashed with acid.
The acid corrodes the yak!
You kill the yak!
You block the hog's attack.
Unknown command.
Evoke which item? (* to show all) (? for menu, Esc to quit)
Aiming: Corrosive Bolt
Press: ? - help, Shift-Dir - straight line The bolt of acid hits the hog!
The hog is splashed with acid.
The acid corrodes the hog!
The hog is heavily wounded.
The hog bites you.
* * * LOW HITPOINT WARNING * * *
The hog bites you!
You die...

...........>.(...#.##...####.....
......#.....#.###..###..#####....
....####...####......#.((......).
..####.#..........#....#..(....).
..# #........#####....#(.....().
..# ##......### #....##(.......)
..###........#####..####(#.......
..##..........##...## #..##......
..#..........###@..# #(.#....[..
......#.......#h#######(.##......
##..##..........†Y..%%#.##.......
##..##..........#....%#.#........
.#.######.....#####'###..........
.#.# ##....# #.....#..........
...# #...### #$...?#.......<>.
.#.# ###...# #######..##......
.#.# #..## #....#...#.##...


You could see a hog.

Vanquished Creatures
  Psyche (D:7)
  Joseph (D:8)
  Prince Ribbit (D:8)
  A human (D:8)
  2 yaks (D:8)
  A hog (D:8)
  An orc warrior (D:8)
  A phantom (D:7)
  2 sky beasts (D:8)
  4 ogres
  A necrophage (D:7)
  3 centaurs
  A big kobold (D:8)
  2 bullfrogs
  7 scorpions
  3 crimson imps
  A quasit (D:8)
  3 jellies
  2 orc priests
  A centaur skeleton (D:7)
  A hound (D:6)
  A bullfrog skeleton (D:6)
  7 orc wizards
  An iguana (D:8)
  Ijyb (D:5)
  A worker ant (D:5)
  A killer bee zombie (D:8)
  A hound skeleton (D:8)
  5 gnolls
  7 adders
  A shadow imp (D:7)
  3 oozes
  A worm (D:2)
  3 dart slugs
  6 leopard geckos
  14 orcs
  8 giant cockroaches
  7 goblins
  9 hobgoblins
  8 jackals
  3 quokkas
  10 bats
  6 frilled lizards
  A jackal skeleton (D:5)
  12 kobolds
  4 rats
161 creatures vanquished.

Notes
Turn   | Place    | Note
-------+----------+-------------------------------------------
     0 | D:1      | Redear the Octopode Fighter began the quest for the Orb.
     0 | D:1      | Reached XP level 1. HP: 16/16 MP: 1/1
    90 | D:1      | Reached XP level 2. HP: 16/21 MP: 2/2
    98 | D:1      | Reached skill level 1 in Stealth
   186 | D:1      | Reached XP level 3. HP: 20/26 MP: 3/3
   901 | D:2      | Noticed a scorpion
   906 | D:2      | Killed a scorpion
   906 | D:2      | Reached skill level 2 in Stealth
   906 | D:2      | Reached XP level 4. HP: 26/31 MP: 4/4
  1007 | D:2      | Noticed a bullfrog
  1013 | D:2      | Killed a bullfrog
  1013 | D:2      | Reached skill level 3 in Long Blades
  1013 | D:2      | Reached XP level 5. HP: 28/37 MP: 5/5
  1040 | D:2      | Reached skill level 3 in Stealth
  1947 | D:3      | Reached XP level 6. HP: 40/43 MP: 6/6
  2022 | D:3      | Reached skill level 4 in Fighting
  2722 | D:4      | Found a staircase to the Ecumenical Temple.
  2763 | D:4      | Reached skill level 4 in Dodging
  2763 | D:4      | Reached skill level 4 in Shields
  2786 | Temple   | Entered the Ecumenical Temple
  3526 | D:5      | Entered Level 5 of the Dungeon
  3639 | D:5      | Reached skill level 4 in Stealth
  3910 | D:5      | Found a white marble altar of Elyvilon.
  3911 | D:5      | Found a hazy altar of Hepliaklqana.
  3911 | D:5      | Found an ancient bone altar of Kikubaaqudgha.
  3912 | D:5      | Found a deep blue altar of Sif Muna.
  3913 | D:5      | Found a stormy altar of Qazlal.
  4153 | D:5      | Reached XP level 7. HP: 49/49 MP: 7/7
  4200 | D:5      | Got a smoking copper ring
  4201 | D:5      | Identified the ring "Duatisku" {rF- rC+ MP+9 Int+6 Stlth+}
                  | (You found it on level 5 of the Dungeon)
  4209 | D:5      | Found Weif's Distillery.
  4210 | D:5      | Noticed Ijyb
  4218 | D:5      | Killed Ijyb
  4230 | D:5      | Bought a potion of mutation for 104 gold pieces
  4230 | D:5      | Bought a potion of heal wounds for 65 gold pieces
  4230 | D:5      | Bought a potion of heal wounds for 65 gold pieces
  4230 | D:5      | Gained mutation: Your magical capacity is low. (-10% MP)
                  | [potion of mutation]
  4230 | D:5      | Gained mutation: You are agile. (Dex +2) [potion of
                  | mutation]
  4839 | D:6      | Reached skill level 4 in Long Blades
  5007 | D:6      | Reached skill level 5 in Stealth
  5262 | D:6      | Reached XP level 8. HP: 54/54 MP: 7/7
  5385 | D:6      | Reached skill level 5 in Fighting
  5385 | D:6      | Reached skill level 5 in Dodging
  5385 | D:6      | Reached skill level 5 in Shields
  5581 | D:7      | Reached skill level 6 in Stealth
  5769 | D:7      | Found an opulent altar of Gozag.
  5805 | D:7      | Reached skill level 5 in Long Blades
  6025 | D:8      | Noticed Psyche
  6156 | D:7      | Killed Psyche
  6156 | D:7      | Reached skill level 6 in Fighting
  6156 | D:7      | Reached skill level 6 in Dodging
  6156 | D:7      | Reached skill level 6 in Shields
  6156 | D:7      | Reached XP level 9. HP: 24/62 MP: 8/8
  6596 | D:8      | Noticed Gastronok
  6795 | D:8      | Noticed Joseph
  6909 | D:8      | HP: 4/62 [ogre/+0 giant spiked club (33)]
  7268 | D:8      | Found a hide-covered altar of Uskayaw.
  7448 | D:7      | HP: 4/63 [something/puff of flame (12)]
  7818 | D:8      | Reached skill level 6 in Long Blades
  8043 | D:8      | Found an iron altar of Okawaru.
  8043 | D:8      | Found a radiant altar of Vehumet.
  8206 | D:8      | Found a glowing silver altar of Zin.
  8218 | D:8      | Became a worshipper of Zin the Law-Giver
  8218 | D:8      | Reached * piety under Zin
  8292 | D:8      | Killed Joseph
  8312 | D:8      | Noticed Prince Ribbit
  8653 | D:8      | Reached skill level 7 in Shields
  8751 | D:8      | Killed Prince Ribbit
  8751 | D:8      | Reached skill level 7 in Fighting
  8751 | D:8      | Reached skill level 7 in Dodging
  8841 | D:8      | Reached XP level 10. HP: 50/71 MP: 9/9
  9232 | D:8      | Reached skill level 7 in Long Blades
  9234 | D:8      | HP: 4/71 [hog (6)]
  9234 | D:8      | Slain by a hog

Levels and vault maps discovered:
D:1:      erik_arrival_blinker_ship, layout_basic
D:2:      layout_basic, first_ration
D:3:      wad_river_or_something, layout_basic, guppyfry_early_lair_pool
D:4:      layout_loops_ring, minmay_temple_entry_poolview
D:5:      layout_loops_corners, grunt_temple_overflow_open, serial_shops, shop,
          uniq_ijyb
D:6:      layout_loops_cross, hangedman_decor_peaks_small, kennysheep_doodads
D:7:      layout_basic, nicolae_gozag_seed_capital
D:8:      layout_cave_pools, old_standard_altar, lemuel_coloured_pillars_altar,
          gammafunk_temple_overflow_pools, grunt_livestock, minmay_lizard_king,
          uniq_joseph, uniq_prince_ribbit1, uniq_psyche, uniq_gastronok
Temple:   minmay_temple_bridge_abc

Skill      XL: |  1  2  3  4  5  6  7  8  9 10 |
---------------+-------------------------------+-----
Stealth        | 1 2 3 4 5 6 |  6.0
Long Blades    | 3 4 5 6 7 |  7.1
Fighting       | 4 6 7 |  7.5
Dodging        | 4 6 7 |  7.5
Shields        | 4 6 7 |  7.5

Action                   |  1- 3 |  4- 6 |  7- 9 | 10-12 || total
-------------------------+-------+-------+-------+-------++-------
Melee: Long sword        |    41 |    81 |       |    21 ||   143
       Constrict         |    12 |    23 |    44 |     3 ||    82
       Tentacles         |     9 |    19 |    82 |    12 ||   122
       Dagger            |       |    22 |   295 |     4 ||   321
 Abil: Evoke Berserk Rag |       |       |     1 |       ||     1
Evoke: Wand              |       |       |     4 |     3 ||     7
  Use: Potion            |       |       |    15 |       ||    15
       Scroll            |       |       |     8 |     1 ||     9
 Stab: Sleeping          |     9 |    19 |    14 |       ||    42
       Invisible         |       |       |     1 |       ||     1
  Eat: Ration            |       |     2 |     1 |     1 ||     4
       Chunk             |       |     3 |    11 |       ||    14
Armor: Skin              |     5 |     4 |     3 |       ||    12
Dodge: Dodged            |    15 |    50 |   104 |     9 ||   178
Block: Shield            |    14 |    51 |    82 |    15 ||   162
       Rpst.: Long sword |     9 |    16 |       |     1 ||    26

Table legend:
 A = Non-vault XP
 B = Vault XP
 C = Vault XP percentage of total XP
 D = Non-vault monster count
 E = Vault monster count
 F = Vault count percentage of total count
                 A         B        C        D         E       F
            +---------+---------+-------+---------+---------+-------
      Total |    3462 |    2001 |  36.6 |     144 |      17 |  10.6
            +---------+---------+-------+---------+---------+-------
        D:1 |      58 |       0 |   0.0 |      24 |       0 |   0.0
        D:2 |     199 |       0 |   0.0 |      18 |       0 |   0.0
        D:3 |      67 |      25 |  27.2 |      17 |       9 |  34.6
        D:4 |     171 |       0 |   0.0 |       6 |       0 |   0.0
        D:5 |     163 |      36 |  18.1 |      10 |       1 |   9.1
        D:6 |     650 |       0 |   0.0 |      21 |       0 |   0.0
        D:7 |     782 |     448 |  36.4 |      19 |       1 |   5.0
        D:8 |    1372 |    1492 |  52.1 |      29 |       6 |  17.1
            +---------+---------+-------+---------+---------+-------
